 Dungeon Crawl Stone Soup version 0.28.0-45-g0d030f2227 (webtiles) character file.

Game seed: 6308542291269425367

336 RascalDebosk the Skirmisher (level 6, -2/60 (72) HPs)
             Began as a Demonspawn Berserker on Apr 13, 2022.
             Was a Follower of Trog.
             Slain by a wight
             ... wielding a +3 hand axe
              (3 damage)
             ... on level 4 of the Dungeon on Apr 16, 2022.
             The game lasted 00:27:13 (5097 turns).

RascalDebosk the Skirmisher (Demonspawn Berserker)  Turns: 5097, Time: 00:27:14

HP:   -2/60 (72)    AC: 12    Str: 19    XL:     6   Next: 28%
MP:   6/6           EV:  8    Int:  9    God:    Trog [*.....]
Gold: 60            SH:  0    Dex: 12    Spells: 5/5 levels left

rFire   . . .      SeeInvis .   i - +1 war axe
rCold   . . .      Faith    .   (no shield)
rNeg    . . .      Spirit   .   q - +0 chain mail
rPois   .          Reflect  .   v - +0 helmet
rElec   .          Harm     .   u - +0 cloak
rCorr   .          Rampage  .   (no gloves)
Will    ++...                   l - +0 pair of boots
Stlth   ..........              (no amulet)
HPRegen 1.20/turn               a - ring of flight
MPRegen 0.10/turn               (no ring)

@: berserking, strong-willed (expiring), flying, regenerating (expiring),
heavily drained, very quick
A: demonic magic 1, demonic touch 1
a: Renounce Religion, Berserk


You were on level 4 of the Dungeon.
You worshipped Trog.
Trog was aware of your devotion.
You visited 1 branch of the dungeon, and saw 4 of its levels.

You collected 116 gold pieces.
You spent 56 gold pieces at shops.

Inventory:

Hand Weapons
 c - a +0 spear
 i - a +1 war axe (weapon)
Missiles
 g - 2 atropa-tipped darts
 r - 2 curare-tipped darts
 t - 5 boomerangs (quivered)
Armour
 l - a +0 pair of boots (worn)
 q - a +0 chain mail (worn)
 u - a +0 cloak (worn)
 v - a +0 helmet (worn)
Jewellery
 a - a ring of flight (left hand)
Scrolls
 f - a scroll of brand weapon {unknown}
 k - 2 scrolls of teleportation
 m - a scroll of immolation {unknown}
 n - a scroll of silence {unknown}
 p - a scroll of identify {unknown}
Potions
 d - 2 potions of mutation {unknown}
 h - a potion of resistance {unknown}
 j - a potion of berserk rage {unknown}
 o - 2 potions of lignification {unknown}
 s - a potion of haste {unknown}


   Skills:
 + Level 4.1 Fighting
 + Level 3.8 Axes
 + Level 2.2 Throwing
 + Level 3.0 Armour
 - Level 1.7 Dodging
 + Level 2.5 Evocations


You had 5 spell levels left.
You didn't know any spells.
Your spell library was empty.

Dungeon Overview and Level Annotations

Branches:
Dungeon (4/15)
 Temple: D:4-7

Altars:

Shops:
D:2 ![[(

Annotations:
D:2 Natasha


Innate Abilities, Weirdness & Mutations

Spells you cast may paralyse adjacent enemies.
Your touch may inflict minor irresistible damage on your foes.


Message History

A wight comes into view. It is wielding a +4 battleaxe.
The jackal barely misses you.
You slash the jackal!
You kill the jackal!
Trog accepts your kill.
You barely miss the wight. The wight hits you with a +3 hand axe.
You feel drained. The wight hits you but does no damage.
A wight comes into view. It is wielding a +0 short sword.
The jackal closely misses you. The wight barely misses you.
The wight hits you from afar with a +0 halberd.
You feel drained.
A red film seems to cover your vision as you go berserk!
You feel yourself moving faster!
You feel mighty!
The jackal bites you but does no damage.
The wight hits you with a +3 hand axe.
* * * LOW HITPOINT WARNING * * *
You feel drained. The wight barely misses you.
You slash the wight!
The wight is severely damaged.
You closely miss the wight. You slash the jackal!
You kill the jackal!
Trog accepts your kill. The wight hits you but does no damage.
The wight hits you with a +3 hand axe.
* * * LOW HITPOINT WARNING * * *
You feel drained. The wight barely misses you.
You hit the wight.
The wight is almost destroyed.
You hit the quokka.
You kill the quokka!
Trog accepts your kill.
You barely miss the wight.
You feel the effects of Trog's Hand fading.
The wight hits you with a +5 scimitar!
* * * LOW HITPOINT WARNING * * *
You feel drained.
* * * LOW HITPOINT WARNING * * *
The wight hits you with a +3 hand axe!
* * * LOW HITPOINT WARNING * * *
You feel drained.
You die...

.. .# ..###.#
##$.... #....#......
......#..... #
.z....#..... ###.#
......#...zh###.....
.......#.###@#......
.......##.zzz.#
#...z.z#†..z..#
#......#.)...#...
####[..#......#
#...#.....##
......#..#.###.#
##.##.#####.. ..# #
.. .....#


You could see 5 wights and a jackal.

Vanquished Creatures
  A phantom (D:3)
  An orc priest (D:3)
  Crazy Yiuf (D:3)
  An iguana (D:4)
  Natasha (twice) (D:2)
  Robin (D:3)
  4 adders
  An ufetubus (D:4)
  3 orcs (D:3)
  4 endoplasms
  2 giant cockroaches
  17 goblins
  7 hobgoblins
  6 jackals
  5 kobolds
  7 quokkas
  8 ball pythons
  4 bats
  3 frilled lizards
  3 rats (D:1)
81 creatures vanquished.

Notes
Turn   | Place    | Note
-------+----------+-------------------------------------------
     0 | D:1      | RascalDebosk the Demonspawn Berserker began the quest for
                  | the Orb.
     0 | D:1      | Reached XP level 1. HP: 18/18 MP: 1/1
   306 | D:1      | HP: 1/27 [quokka (1)]
   620 | D:1      | Gained mutation: Spells you cast may paralyse adjacent
                  | enemies. [demonic ancestry]
   620 | D:1      | Reached XP level 2. HP: 14/24 MP: 2/2
  1232 | D:1      | Reached skill level 1 in Evocations
  1321 | D:1      | Gained mutation: Your touch may inflict minor irresistible
                  | damage on your foes. [demonic ancestry]
  1321 | D:1      | Reached XP level 3. HP: 29/29 MP: 3/3
  1719 | D:2      | Found Texiask's Weapon Shop.
  1742 | D:2      | Bought a +0 war axe for 42 gold pieces
  1752 | D:2      | Found Epriageula's Armour Emporium.
  1764 | D:2      | Reached skill level 1 in Throwing
  1991 | D:2      | Noticed Natasha
  1998 | D:2      | Killed Natasha
  2002 | D:2      | Reached XP level 4. HP: 35/35 MP: 4/4
  2275 | D:2      | Found a faded altar of an unknown god.
  2285 | D:2      | Reached ** piety under Trog
  2496 | D:2      | Found Ixoufaox's Distillery.
  2507 | D:2      | Bought a potion of degeneration for 14 gold pieces
  2522 | D:2      | Found Offiruox's Armour Shop.
  2617 | D:2      | Noticed Natasha
  2625 | D:2      | Killed Natasha
  2888 | D:3      | Noticed Robin
  2910 | D:3      | Killed Robin
  2911 | D:3      | Reached XP level 5. HP: 42/42 MP: 5/5
  3037 | D:3      | Noticed a phantom
  3043 | D:3      | Killed a phantom
  3463 | D:3      | Reached skill level 4 in Fighting
  3467 | D:3      | Reached XP level 6. HP: 44/48 MP: 6/6
  3572 | D:3      | Found a runed translucent door.
  3573 | D:3      | Noticed Crazy Yiuf
  3583 | D:3      | Killed Crazy Yiuf
  4080 | D:2      | Noticed Natasha
  5097 | D:4      | HP: 1/61 [wight/+3 hand axe (11)]
  5097 | D:4      | Slain by a wight

Illustrated notes

Levels and vault maps discovered:
D:1:      heliophobic_arrival_battle_scene, layout_loops_ring, st_stairs_9
D:2:      layout_loops_cross, nicolae_ecumenical_snake_handling, serial_shops,
          nicolae_shop_trees, nicolae_shop_hallway_stairs,
          nicolae_shop_waterfront, nicolae_shop_statue_plus, uniq_natasha
D:3:      layout_basic, uniq_crazy_yiuf_cottage, uniq_robin
D:4:      nicolae_BIG_FREAKIN_CUBE, layout_rooms

Skill      XL: |  1  2  3  4  5  6 |
---------------+-------------------+-----
Armour         | 2 3 |  3.0
Axes           | 3 |  3.8
Evocations     | 1 2 |  2.5
Throwing       | 1 2 |  2.2
Fighting       | 4 |  4.1
Dodging        | |  1.7

Action                   |  1- 3 |  4- 6 || total
-------------------------+-------+-------++-------
Melee: Hand axe          |    91 |       ||    91
       War axe           |    11 |    96 ||   107
       Touch             |     1 |    15 ||    16
       Punch             |       |     2 ||     2
Throw: Dart              |       |     2 ||     2
       Boomerang         |       |     2 ||     2
Invok: Berserk           |     2 |     6 ||     8
       Trog's Hand       |       |     4 ||     4
  Use: Scroll            |       |     3 ||     3
 Stab: Sleeping          |     1 |       ||     1
Armor: Animal skin       |    16 |       ||    16
       Chain mail        |       |    56 ||    56
       Leather armour    |       |    10 ||    10
Dodge: Dodged            |    67 |    66 ||   133
